 Dungeon Crawl Stone Soup version 0.30.0-5-g1a98f26d00 (webtiles) character file.

Game seed: 13210420107762879835

71678 Kranky the Impaler (level 14, -2/141 HPs)
             Began as a Minotaur Berserker on May 10, 2023.
             Was a High Priest of Trog.
             Slain by Saint Roka
             ... wielding a +0 long sword
              (20 damage)
             ... on level 1 of the Orcish Mines.
             The game lasted 00:49:52 (22587 turns).

Kranky the Impaler (Minotaur Berserker)            Turns: 22587, Time: 00:49:52

Health: -2/141     AC: 25    Str: 34    XL:     14   Next: 98%
Magic:  13/13      EV: 10    Int:  4    God:    Trog [*****.]
Gold:   1818       SH:  0    Dex: 10    Spells: 13/13 levels left

rFire   + . .        P - +3 bardiche (flame)
rCold   . . .        (shield currently unavailable)
rNeg    . . .        B - +0 plate armour {rF+}
rPois   +            X - +2 hat
rElec   .            (no cloak)
rCorr   .            m - +0 pair of gloves "Noaty" {rPois Str+7 SInv}
SInv    +            U - +2 pair of boots
Will    ++...        S - amulet of regeneration Stlth
                     V - ring of willpower
HPRegen 1.23/turn    (no ring)
MPRegen 0.13/turn

%: no passive effects
@: no status effects
A: horns 2, retaliatory headbutt
a: Renounce Religion, Berserk, Trog's Hand, Brothers in Arms


You were on level 1 of the Orcish Mines.
You worshipped Trog.
Trog was extremely pleased with you.
You visited 3 branches of the dungeon, and saw 21 of its levels.

You collected 1818 gold pieces.

Inventory:

Hand Weapons
 P - a +3 bardiche of flaming (weapon)
Missiles
 i - 4 throwing nets
 q - 22 poisoned darts (quivered)
Armour
 m - the +0 pair of gloves "Noaty" (worn) {rPois Str+7 SInv}
   (You found it on level 2 of the Dungeon)

   Str:       It affects your strength (+7).
   rPois:     It protects you from poison.
   SInv:      It lets you see invisible.
 B - a +0 plate armour of fire resistance (worn)
 G - the +1 chain mail "Wymyom" {rF+ rCorr Dex+3}
   (You found it on level 8 of the Dungeon)

   Dex:       It affects your dexterity (+3).
   rF:        It protects you from fire.
   rCorr:     It protects you from acid and corrosion.
 I - a +2 scale mail of cold resistance
 U - a +2 pair of boots (worn)
 W - a +0 tower shield
 X - a +2 hat (worn)
Jewellery
 k - a ring of fire
 u - a ring of fire
 S - an amulet of regeneration (around neck)
 V - a ring of willpower (left hand)
Wands
 t - a wand of paralysis (22)
 x - a wand of quicksilver (15)
 L - a wand of flame (15)
 R - a wand of polymorph (2)
Scrolls
 a - 2 scrolls of brand weapon
 b - 2 scrolls of enchant weapon
 c - 3 scrolls of silence
 d - 6 scrolls of teleportation
 f - 5 scrolls of magic mapping
 h - 2 scrolls of torment
 j - 6 scrolls of blinking
 o - 2 scrolls of fog
 v - 2 scrolls of identify
 z - 7 scrolls of enchant armour
 F - 4 scrolls of poison
 K - 3 scrolls of fear
 Q - 2 scrolls of immolation
Potions
 e - 3 potions of flight
 g - 3 potions of haste
 l - 2 potions of resistance
 n - 3 potions of might
 p - 7 potions of heal wounds
 r - a potion of cancellation
 s - 21 potions of curing
 w - a potion of ambrosia
 A - a potion of magic


   Skills:
 + Level 17.9 Fighting
 - Level 20.8 Polearms
 + Level 16.6 Armour
 + Level 4.1 Dodging
 - Level 0.3 Stealth
 * Level 7.3 Shields
 * Level 5.0 Evocations


You had 13 spell levels left.
You didn't know any spells.
Your spell library was empty.

Dungeon Overview and Level Annotations

Branches:
Dungeon (14/15)            Temple (0/1) D:5            Lair (5/5) D:8
  Swamp (0/4) Lair:2       Spider (0/4) Lair:3        Slime (0/5) Lair:4
    Orc (2/2) D:10            Elf (0/3) Orc:2        Vaults (0/5) D:14

Altars:
Ashenzari
Dithmenos
Gozag
Hepliaklqana
Ru
Trog
Uskayaw
Vehumet
Wu Jian
Xom
Jiyva

Shops:
D:7 ((*   D:11 [

Portals:
Trove: D:12 (give +4 fire dragon scales)

Annotations:
D:7 3 runed translucent doors, Darkkill's ghost, novice MiHu
Orc:1 Saint Roka


Innate Abilities, Weirdness & Mutations

You have a pair of horns on your head.
You reflexively headbutt those who attack you in melee.


Message History

Beogh smites you!
The orc warrior hits you with a +0 mace!!
There is a stone staircase leading up, spattered with blood here.
The warg bites you!
The orc wizard gestures at you while chanting.
The magic dart hits you but does no damage.
The orc warrior barely misses you. The warg bites you but does no damage.
You climb upwards.
There is a stone staircase leading down, spattered with blood here.
You see here a +0 heavy bardiche.
You closely miss Saint Roka.
Saint Roka hits you with a +0 long sword!
The orc warrior hits you with a +0 mace!
The warg closely misses you. You furiously retaliate!
You headbutt the warg! You slash the warg! You burn the warg.
Your headbutt misses the warg.
The warg is severely wounded.
The warg barely misses you.
Saint Roka mumbles some strange prayers to Beogh against you.
Beogh smites you!
The orc warrior hits you with a +0 mace!
You are too injured to fight recklessly!
You are too injured to fight recklessly!
You are too injured to fight recklessly!
You slash the orc warrior! You burn the orc warrior.
Your headbutt misses the orc warrior.
The orc warrior is severely wounded.
The warg barely misses you.
Saint Roka hits you with a +0 long sword.
The orc warrior hits you with a +0 mace!
* * * LOW HITPOINT WARNING * * *
Your troll goes berserk!
The warg bites you.
* * * LOW HITPOINT WARNING * * *
Saint Roka calls down the wrath of Beogh upon you.
Beogh smites you!
* * * LOW HITPOINT WARNING * * *
The orc warrior hits you but does no damage.
Saint Roka attacks as you move away!
Saint Roka hits you with a +0 long sword!!
You die...

##.....................########
##........##............####.##.
##.#.......#..............##...#.
#.......#.###.###..........##....
##......#^..##..............#....
#..........)....))....#..........
......#.....................#...#
#.#............oo................
#..............h@T....##....#.#.#
...............$[).....##.#######
#.###.#.................### ###
####.##............## .###
##.#.......#.#.## ...##
#..........#..##
....#####.............######
.....##.......#..........#.####
....##....#.................#.##


You could see Saint Roka, a warg, an orc warrior (strong, ally target) and a
friendly troll (summoned, berserk).

Vanquished Creatures
  Gastronok (Lair:3)
  Kirke (Lair:3)
  A dire elephant (Lair:5)
  Snorg (Lair:5)
  A vault guard (D:14)
  An ogre mage (D:10)
  5 hydras
  A catoblepas (Lair:5)
  4 centaur warriors
  2 boulder beetles
  A deep troll shaman (Lair:5)
  2 two-headed ogres
  A tengu warrior (D:14)
  4 death yaks (Lair:5)
  3 skysharks
  Amaemon (D:10)
  A deep troll (Lair:4)
  An oklob plant (Lair:5)
  An orc sorcerer (Orc:2)
  14 elephants
  An ugly thing (D:13)
  5 cyclopes
  2 manticores
  A guardian serpent (shapeshifter) (D:10)
  4 black mambas
  An orange demon (D:11)
  A gargoyle (D:11)
  A torpor snail (Lair:4)
  11 cane toads
  3 rime drakes
  A yaktaur (shapeshifter) (D:9)
  Maggie (D:9)
  An efreet (D:14)
  7 komodo dragons
  An unseen horror (D:11)
  Psyche (D:9)
  2 kobold demonologists
  A tengu conjurer (D:14)
  A komodo dragon (shapeshifter) (D:14)
  A meliai (shapeshifter) (D:14)
  A hornet (D:10)
  9 trolls
  2 polar bears
  18 blink frogs
  19 slime creatures
  A jumping spider (Lair:3)
  2 vampires
  Eustachio (D:4)
  3 wyverns
  A wraith (D:12)
  34 yaks
  3 basilisks
  3 hogs (Lair:3)
  11 humans (D:14)
  5 vampire mosquitoes
  3 wargs (Orc:1)
  2 acid dragons
  17 water moccasins
  10 orc warriors
  A sky beast (D:7)
  5 black bears
  5 ogres
  8 centaurs
  27 wolves
  2 phantoms
  2 kobold brigands
  12 bullfrogs
  5 wights (D:10)
  11 killer bees (D:9)
  3 howler monkeys (D:8)
  2 electric eels
  7 jellies
  2 hounds
  2 gnoll boudas
  10 orc priests
  4 iguanas
  4 sleepcaps
  7 hell rats (Lair:5)
  21 orc wizards
  16 gnolls
  9 adders
  A shadow imp (D:6)
  A white imp (D:7)
  3 ufetubi
  A dart slug (D:5)
  52 orcs
  10 ball pythons
  4 bats
  An endoplasm (D:1)
  5 giant cockroaches
  9 goblins
  8 hobgoblins
  2 jackals (D:4)
  6 quokkas
  3 frilled lizards
  13 kobolds
  5 rats
528 creatures vanquished.

Vanquished Creatures (collateral kills)
  Harold (D:9)
  A centaur warrior (D:12)
  An ugly thing (D:12)
  A yaktaur (D:10)
  A komodo dragon (D:8)
  A slime creature (D:12)
  4 yaks
  3 water moccasins (D:8)
  3 black bears (D:8)
  A centaur (D:12)
  A scorpion (D:8)
  2 gnolls (D:8)
20 creatures vanquished.

Vanquished Creatures (others)
  An orc wizard (D:5)
1 creature vanquished.

Grand Total: 549 creatures vanquished

Notes
Turn   | Place    | Note
-------+----------+-------------------------------------------
     0 | D:1      | Kranky the Minotaur Berserker began the quest for the Orb.
     0 | D:1      | Reached XP level 1. HP: 19/19 MP: 0/0
   128 | D:1      | Reached skill level 4 in Polearms
   128 | D:1      | Reached XP level 2. HP: 10/27 MP: 1/1
   929 | D:2      | Found a faded altar of an unknown god.
  1130 | D:2      | Identified the +0 pair of gloves "Noaty" {rPois Str+7 SInv}
  1218 | D:2      | Identified the staff of fire "Eluirroit" {rF+ Int+3 Dex+3
                  | Stlth+}
  1388 | D:3      | Reached XP level 3. HP: 33/33 MP: 2/2
  1437 | D:3      | Found an opulent altar of Gozag.
  1488 | D:3      | Reached ** piety under Trog
  1506 | D:3      | Reached XP level 4. HP: 32/41 MP: 3/3
  1647 | D:3      | Reached skill level 5 in Polearms
  1763 | D:3      | Found a shimmering altar of Xom.
  2234 | D:4      | Noticed a phantom
  2244 | D:4      | Killed a phantom
  2245 | D:4      | Reached skill level 5 in Fighting
  2245 | D:4      | Reached XP level 5. HP: 47/48 MP: 4/4
  2405 | D:4      | Reached *** piety under Trog
  2458 | D:4      | Noticed Eustachio
  2475 | D:4      | Killed Eustachio
  2476 | D:4      | Reached skill level 6 in Polearms
  2476 | D:4      | Reached XP level 6. HP: 42/57 MP: 5/5
  2937 | D:5      | Entered Level 5 of the Dungeon
  2982 | D:5      | Reached skill level 7 in Polearms
  2982 | D:5      | Reached XP level 7. HP: 39/63 MP: 6/6
  3262 | D:5      | Noticed a troll
  3341 | D:5      | Reached skill level 5 in Armour
  3354 | D:5      | Reached skill level 8 in Polearms
  3361 | D:5      | Killed a troll
  3362 | D:5      | Reached XP level 8. HP: 67/73 MP: 7/7
  3367 | D:5      | Reached **** piety under Trog
  3537 | D:5      | Found a staircase to the Ecumenical Temple.
  3575 | D:5      | Reached skill level 9 in Polearms
  4137 | D:6      | Reached skill level 10 in Polearms
  4375 | D:6      | Reached skill level 11 in Polearms
  5216 | D:7      | Found Hiedical's Antique Weapon Shoppe.
  5268 | D:7      | Found Leamuore's Antique Weapon Shoppe.
  5374 | D:7      | Reached XP level 9. HP: 81/81 MP: 8/8
  5455 | D:7      | Noticed a two-headed ogre
  5464 | D:7      | Killed a two-headed ogre
  5465 | D:7      | Reached skill level 12 in Polearms
  5483 | D:7      | Reached skill level 13 in Polearms
  5671 | D:7      | Found a hazy altar of Hepliaklqana.
  5727 | D:7      | Found a runed translucent gate.
  5727 | D:7      | Found a runed translucent gate.
  5728 | D:7      | Found a runed translucent gate.
  5730 | D:7      | Noticed a kobold demonologist
  5731 | D:7      | Noticed Darkkill's ghost (novice MiHu)
  5801 | D:7      | Found a bloodstained altar of Trog.
  6056 | D:7      | Found Duarurr's General Store.
  6258 | D:8      | Noticed a komodo dragon
  6277 | D:8      | Reached skill level 14 in Polearms
  6285 | D:8      | Killed a komodo dragon
  6286 | D:8      | Reached XP level 10. HP: 73/91 MP: 9/9
  6316 | D:8      | Found a staircase to the Lair.
  6342 | D:8      | Reached skill level 10 in Fighting
  6512 | D:8      | Reached skill level 15 in Polearms
  6585 | D:8      | Identified the +1 chain mail "Wymyom" {rF+ rCorr Dex+3}
  6804 | D:8      | Found a hide-covered altar of Uskayaw.
  6804 | D:8      | Found an ornate altar of the Wu Jian Council.
  6807 | D:8      | Found a broken altar of Ashenzari.
  6808 | D:8      | Found a sacrificial altar of Ru.
  6880 | D:9      | Noticed Harold
  7070 | D:9      | Killed Harold
  7071 | D:9      | Reached skill level 10 in Armour
  7247 | D:9      | Noticed Psyche
  7253 | D:9      | Killed Psyche
  7699 | D:9      | Reached ***** piety under Trog
  7724 | D:9      | Noticed Maggie
  7728 | D:9      | Killed Maggie
  7729 | D:9      | Reached skill level 16 in Polearms
  7729 | D:9      | Reached XP level 11. HP: 102/102 MP: 10/10
  8023 | D:9      | Found a shadowy altar of Dithmenos.
  8193 | D:10     | Entered Level 10 of the Dungeon
  8403 | D:10     | Noticed a boulder beetle
  8412 | D:10     | Noticed a five-headed hydra
  8415 | D:10     | Killed a boulder beetle
  8421 | D:10     | Killed a nine-headed hydra
  8633 | D:10     | Noticed an ogre mage
  8741 | D:10     | Reached skill level 17 in Polearms
  8966 | D:10     | Killed an ogre mage
  9219 | D:10     | Noticed a centaur warrior
  9659 | D:10     | Killed a centaur warrior
  9675 | D:10     | Reached skill level 18 in Polearms
 10016 | D:10     | Found a staircase to the Orcish Mines.
 10043 | D:10     | Received a gift from Trog
 10501 | D:11     | Noticed Amaemon
 10506 | D:11     | Reached XP level 12. HP: 108/115 MP: 11/11
 10770 | D:10     | Killed Amaemon
 11382 | D:11     | Found Ihaob's Antique Armour Shoppe.
 11594 | D:12     | Found a portal to a secret trove of treasure.
 11638 | D:12     | Noticed a centaur warrior
 11656 | D:12     | Killed a centaur warrior
 11959 | D:12     | Reached skill level 19 in Polearms
 12777 | D:13     | Noticed a centaur warrior
 12800 | D:13     | Killed a centaur warrior
 13248 | D:13     | Noticed a two-headed ogre
 13252 | D:13     | Killed a two-headed ogre
 13771 | D:13     | Noticed a centaur warrior
 13779 | D:13     | Killed a centaur warrior
 13838 | D:13     | Noticed a centaur warrior
 13847 | D:13     | Killed a centaur warrior
 13848 | D:13     | Reached skill level 20 in Polearms
 14476 | D:13     | Reached XP level 13. HP: 125/125 MP: 12/12
 14618 | D:14     | Found a radiant altar of Vehumet.
 15191 | D:14     | Found a gate to the Vaults.
 16204 | Lair:1   | Entered Level 1 of the Lair of Beasts
 16342 | Lair:1   | Reached skill level 1 in Shields
 16342 | Lair:1   | Reached skill level 1 in Evocations
 17076 | Lair:2   | Reached skill level 15 in Fighting
 17173 | Lair:2   | Found a staircase to the Swamp.
 17992 | Lair:3   | Noticed Kirke
 18002 | Lair:3   | Killed Kirke
 18003 | Lair:3   | Reached skill level 15 in Armour
 18283 | Lair:3   | Received a gift from Trog
 18522 | Lair:3   | Found a hole to the Spider Nest.
 18634 | Lair:3   | Reached XP level 14. HP: 136/136 MP: 13/13
 18667 | Lair:3   | Noticed Gastronok
 18675 | Lair:3   | Killed Gastronok
 18676 | Lair:3   | Reached skill level 5 in Shields
 19292 | Lair:4   | Identified the orb "Xoegibod" {*Rage, -Cast Dex+4}
 19483 | Lair:4   | Found a viscous altar of Jiyva.
 19484 | Lair:4   | Found a staircase to the Slime Pits.
 20008 | Lair:5   | Entered Level 5 of the Lair of Beasts
 20717 | Lair:5   | Received a gift from Trog
 21033 | Lair:5   | Noticed Snorg
 21039 | Lair:5   | Killed Snorg
 21985 | Orc:1    | Entered Level 1 of the Orcish Mines
 22437 | Orc:2    | Entered Level 2 of the Orcish Mines
 22437 | Orc:2    | Found a staircase to the Elven Halls.
 22458 | Orc:2    | Noticed Saint Roka
 22460 | Orc:2    | Reached skill level 5 in Evocations
 22465 | Orc:1    | Received a gift from Trog
 22587 | Orc:1    | Slain by Saint Roka

Illustrated notes

Levels and vault maps discovered:
D:1:      dpeg_arrival_round_c, layout_basic, minmay_statues_item
D:2:      layout_loops_ring, dreamdust_ecumenical_altar_angels_and_demons
D:3:      layout_basic, nicolae_gozag_cash_rules_everything_around_me,
          xom_teletrap_fun, minmay_misc_feat_chi, minmay_increasing_density
D:4:      layout_basic, minmay_fractal_squares_gapless_5, uniq_eustachio
D:5:      minmay_clustersquares, layout_rooms, minmay_temple_entry_butterflies,
          minmay_misc_feat_enclosed, minmay_misc_feat_tiny,
          lightli_corner_chamber
D:6:      minmay_evil_eye, layout_basic
D:7:      layout_loops_ring, mainiacjoe_overflow_alcove_4,
          nicolae_overflow_crystal_walls, gammafunk_ghost_nasty_kobolds,
          serial_shops, shop, kennysheep_mini_moat, shop, minmay_crystal_water,
          minmay_misc_feat_diagonals
D:8:      layout_loops_ring, minitemple, due_lair_maze_entry_diamond
D:9:      layout_irregular_city, mainiacjoe_overflow_24_doors, uniq_maggie,
          uniq_harold, uniq_psyche
D:10:     nicolae_cairo_tiling, layout_rooms, minmay_orc_entry_temple_small,
          minivault_28
D:11:     layout_big_octagon, serial_bayou, serial_bayou_pond_a,
          serial_bayou_shore_b, serial_bayou_shore_b, serial_bayou_shore_b,
          serial_shops, shop, uniq_amaemon
D:12:     layout_gridville, nicolae_trove_entry_isolated
D:13:     layout_loops_ring, nicolae_two_hexagons
D:14:     layout_roguey, ximxim_vaults_locker_room, serial_co_window_serial,
          co_window_paths_b, co_window_of_opportunity_a, co_window_corner_a,
          co_window_paths_b, co_window_cross_1, co_window_corner_a,
          co_window_of_opportunity_a, co_window_paths_b, co_window_corner_a,
          co_window_corner_b, co_window_2corner, co_window_unsneaky_path_d,
          co_window_2corner, co_window_corner_cb, co_window_paths_d,
          nicolae_vehumet_radiance
Lair:1:   layout_small_grid, grunt_megastairs_2, serial_bayou_shore_a,
          serial_bayou_shore_b
Lair:2:   layout_regular_city, minmay_swamp_entry_reptiles, beast_lair_carwin_2
Lair:3:   layout_gridlike, spider_nest_entry_rubble, uniq_kirke, uniq_gastronok
Lair:4:   dreamdust_cave_troll, layout_regular_city, slime_entry_1
Lair:5:   grunt_lair_end_beastmaster, layout_concentric_octagons, uniq_snorg
Orc:1:    layout_caves
Orc:2:    grunt_orc_tribal_feast, layout_caves, basic_altar,
          nicolae_shop_overcharged_wands, uniq_saint_roka

Skill      XL: |  1  2  3  4  5  6  7  8  9 10 11 12 13 14 |
---------------+-------------------------------------------+-----
Polearms       | 4 5 6 7 8 11 14 16 18 20 | 20.8
Fighting       | 4 5 6 7 8 9 11 13 14 15 17 | 17.9
Armour         | 3 4 5 6 9 11 13 14 15 16 | 16.6
Dodging        | 3 4 |  4.1
Shields        | 4 7 |  7.3
Evocations     | 3 5 |  5.0
Stealth        | |  0.3

Action                     |  1- 3 |  4- 6 |  7- 9 | 10-12 | 13-15 || total
---------------------------+-------+-------+-------+-------+-------++-------
  Melee: Spear             |    70 |   142 |   351 |   179 |       ||   742
         Headbutt          |     8 |     8 |    64 |    78 |    81 ||   239
         Punch             |       |     1 |     5 |     3 |       ||     9
         Halberd           |       |       |       |    34 |       ||    34
         Glaive            |       |       |       |   117 |       ||   117
         Bardiche          |       |       |       |   149 |   603 ||   752
 Invoke: Brothers in Arms  |       |       |     2 |     5 |     1 ||     8
         Berserk           |       |       |       |     1 |       ||     1
  Evoke: Wand              |       |       |       |     2 |       ||     2
    Use: Scroll            |       |       |    12 |     2 |    17 ||    31
         Potion            |       |       |       |     2 |       ||     2
   Stab: Sleeping          |     2 |       |       |       |       ||     2
         Paralysed         |       |       |       |     2 |       ||     2
 Armour: Chain mail        |     7 |    25 |       |       |       ||    32
         Plate armour      |       |    49 |    88 |   180 |   283 ||   600
  Dodge: Dodged            |    20 |    45 |    79 |   129 |   233 ||   506
